 Dungeon Crawl Stone Soup version bcrawl-1.17.1 (webtiles) character file.

Game seed: 1533236007711213212

253 Freyura the Cudgeler (level 5, -3/50 HPs)
             Began as a Deep Dwarf Monk on July 16, 2019.
             Was a High Priest of Elyvilon.
             Slain by an ogre
             ... wielding a +0 giant spiked club
              (29 damage)
             ... on level 4 of the Dungeon on Oct 13, 2019.
             The game lasted 00:11:32 (2361 turns).

Freyura the Cudgeler (Deep Dwarf Monk)              Turns: 2361, Time: 00:11:32

Health: -3/50      AC:  9    Str: 14    XL:     5   Next: 90%
Magic:  8/8        EV: 13    Int: 11    God:    Elyvilon [*****.]
Gold:   282        SH:  0    Dex: 16    Spells: 4/4 levels left

rFire    . . .     SeeInvis +   a - +1 mace
rCold    . . .     Gourm    .   (no shield)
rNeg     . . .     Faith    .   h - +0 ring mail
rPois    .         Spirit   .   l - +0 helmet
rElec    .         Reflect  .   (no cloak)
rCorr    .         Harm     .   p - +2 pair of gloves {archery}
MR       .....                  (no boots)
Stlth    ++........             d - amulet of magic regeneration
HPRegen  0.00/turn              g - ring of see invisible
MPRegen  0.36/turn              (no ring)

@: non-regenerating
A: damage resistance, sense surroundings 1, no regeneration
a: Lesser Healing, Heal Other, Purification, Greater Healing, Divine Vigour,
Divine Protection, Renounce Religion


You were on level 4 of the Dungeon.
You worshipped Elyvilon.
Elyvilon was extremely pleased with you.
You were not hungry.

You visited 1 branch of the dungeon, and saw 4 of its levels.

You collected 282 gold pieces.

Inventory:

Hand Weapons
 a - a +1 mace (weapon)
Armour
 h - a +0 ring mail (worn)
 l - a +0 helmet (worn)
 p - a +2 pair of gloves of archery (worn)
Jewellery
 d - an amulet of magic regeneration (around neck)
 g - a ring of see invisible (left hand)
Wands
 m - a wand of acid (9)
Scrolls
 b - a scroll of identify
 n - 2 scrolls of enchant weapon
 q - a scroll of amnesia
Potions
 c - a potion of resistance
 e - a potion of heal wounds {unknown}
 i - a potion of berserk rage {unknown}
 o - a potion of brilliance {unknown}
 s - a potion of degeneration {unknown}
Comestibles
 f - 8 rations {!d}
 j - 2 chunks of flesh


   Skills:
 + Level 3.9 Fighting
 * Level 4.6 Maces & Flails
 + Level 2.1 Armour
 + Level 4.1 Dodging
 - Level 2.6 Stealth
 + Level 4.1 Invocations


You had 4 spell levels left.
You didn't know any spells.
Your spell library contained the following spells:

 Spells                   Type           Power        Failure   Level  Hunger
 Beastly Appendage        Tmut           #.....       56%         1    ##.....
 Sticks to Snakes         Tmut           #.......     71%         2    ###....
 Spider Form              Tmut/Pois      #..          91%         3    ####...
 Ice Form                 Ice/Tmut       #.......     100%        4    #####..
 Blade Hands              Tmut           #.........   100%        5    ######.


Dungeon Overview and Level Annotations

Branches:
Dungeon (4/12)
 Temple: D:4-7

Altars:


Innate Abilities, Weirdness & Mutations

You are resistant to damage.
You passively map a small area around you.
You do not regenerate.


Message History

The ogre hits you with a +0 giant spiked club!
Found a smoky silvery potion.
You hit the ogre.
The ogre is lightly wounded.
The ogre hits you with a +0 giant spiked club!
You are too injured to fight recklessly!
You are too injured to fight recklessly!
You are too injured to fight recklessly!
You are too injured to fight recklessly!
You hit the ogre.
The ogre is moderately wounded.
The ogre closely misses you.
You closely miss the ogre.
The ogre is moderately wounded.
The ogre barely misses you.
You hit the ogre.
The ogre is moderately wounded.
The ogre hits you with a +0 giant spiked club!!
Ouch! That really hurt!
You die...

, ,* ,
.....#..#. ,
.......... ≈
, * * #.<..
** , * #.#.#
* * * ,
#.#.# , #*
#.#.# * ...
* #.#.#
######..%..*
, ..#.#
#..@....[..
###.#
#.#O.....##
, #.#
#.#...#..# ,
#.#
#.#......# ,
#.#
####.##!#..#
,,*#.#
#.....#.#.##
,,, #
#.....#.#,#
*, * #
#.....#.# **
* ###
#.....# ,, ,
, * #..


You could see an ogre.

Vanquished Creatures
  A centaur (D:4)
  A worker ant (D:4)
  5 adders
  2 oozes (D:2)
  4 worms
  A dart slug (D:1)
  4 leopard geckos
  10 orcs
  3 giant cockroaches
  3 goblins
  6 hobgoblins
  6 jackals
  9 bats
  4 frilled lizards
  8 kobolds
  A quokka skeleton (D:4)
  5 rats
73 creatures vanquished.

Notes
Turn   | Place    | Note
-------+----------+-------------------------------------------
     0 | D:1      | Freyura the Deep Dwarf Monk began the quest for the Orb.
     0 | D:1      | Reached XP level 1. HP: 21/21 MP: 2/2
    36 | D:1      | Reached *** piety under Elyvilon
    43 | D:1      | Reached XP level 2. HP: 22/28 MP: 4/4
   632 | D:2      | Reached XP level 3. HP: 11/34 MP: 5/5
   668 | D:2      | Reached skill level 1 in Armour
   904 | D:2      | Reached **** piety under Elyvilon
  1460 | D:3      | Reached XP level 4. HP: 31/42 MP: 6/6
  1782 | D:3      | Reached ***** piety under Elyvilon
  1783 | D:3      | Upgraded the game from bcrawl-1.12.1 to bcrawl-1.17.1
  1807 | D:3      | Reached XP level 5. HP: 33/49 MP: 7/7
  2298 | D:4      | Noticed a centaur
  2311 | D:4      | Killed a centaur
  2355 | D:4      | Noticed an ogre
  2361 | D:4      | Slain by an ogre

Skill      XL: |  1  2  3  4  5 |
---------------+----------------+-----
Invocations    | 3 4 |  4.1
Armour         | 1 2 |  2.1
Maces & Flails | 4 |  4.6
Dodging        | 4 |  4.1
Fighting       | |  3.9
Stealth        | |  2.6

Action                   |  1- 3 |  4- 6 || total
-------------------------+-------+-------++-------
Melee: Mace              |   112 |   164 ||   276
Invok: Lesser Healing    |     2 |     2 ||     4
       Greater Healing   |       |     1 ||     1
  Use: Scroll            |       |     6 ||     6
       Potion            |       |     1 ||     1
 Stab: Sleeping          |     8 |       ||     8
  Eat: Chunk             |     2 |     4 ||     6
Armor: Robe              |     8 |       ||     8
       Ring mail         |    22 |    84 ||   106
Dodge: Dodged            |    82 |   155 ||   237
